 Dungeon Crawl Stone Soup version 0.30-a0-603-g51a0fb1b98 (webtiles) character file.

Game seed: 18038387203644397484

5213 Crownlay the Geomancer (level 10, -2/57 HPs)
             Began as a Gargoyle Earth Elementalist on Jan 7, 2023.
             Was a Follower of Vehumet.
             Slain by a cyan ugly thing (9 damage)
             ... on level 9 of the Dungeon.
             The game lasted 00:12:49 (7615 turns).

Crownlay the Geomancer (GrEE)                       Turns: 7615, Time: 00:12:50

Health: -2/57      AC: 13    Str: 15    XL:     10   Next: 61%
Magic:  22/33      EV: 12    Int: 20    God:    Vehumet [*.....]
Gold:   552        SH:  0    Dex: 12    Spells: 21/29 levels left

rFire   . . .      SeeInvis .    F - +3 spear
rCold   + . .      Faith    .    D - orb {light}
rNeg    + . .      Spirit   .    a - +0 steam dragon scales
rPois   ∞          Reflect  .    c - +0 helmet
rElec   +          Harm     .    o - scarf {repulsion}
rCorr   .          Rampage  .    (no gloves)
Will    +....                    (no boots)
Stlth   +                        (no amulet)
HPRegen 0.29/turn                I - ring "Waunep" {Wiz Str+3 Dex+2}
MPRegen 0.23/turn                C - ring "Yfavufes" {+Blink rC+ Will+ MP+9}

@: glowing, repel missiles
A: sickness immunity, AC +7, negative energy resistance 1, electricity
resistance, torment resistance 1, petrification resistance
a: Renounce Religion, Evoke Blink


You were on level 9 of the Dungeon.
You worshipped Vehumet.
Vehumet was aware of your devotion.
You visited 2 branches of the dungeon, and saw 10 of its levels.

You collected 552 gold pieces.

Inventory:

Hand Weapons
 F - a +3 spear (weapon)
Missiles
 v - a throwing net
 B - 16 boomerangs of dispersal
Armour
 a - +0 steam dragon scales (worn)
 c - a +0 helmet (worn)
 d - a +1 leather armour of cold resistance
 o - a scarf of repulsion (worn)
 D - an orb of light (worn)
 G - a +1 cloak of poison resistance
 J - a +1 robe of fire resistance
Jewellery
 A - a ring of wizardry
 C - the ring "Yfavufes" (right hand) {+Blink rC+ Will+ MP+9}
   (You found it on level 4 of the Dungeon)

   [ring of magical power]

   rC:        It protects you from cold.
   MP:        It affects your magic capacity (+9).
   +Blink:    It lets you blink.
   Will:      It increases your willpower.
 I - the ring "Waunep" (left hand) {Wiz Str+3 Dex+2}
   (You found it on level 7 of the Dungeon)

   [ring of wizardry]

   It improves your spell success rate.
   Str:       It affects your strength (+3).
   Dex:       It affects your dexterity (+2).
Wands
 h - a wand of iceblast (4)
 u - a wand of quicksilver (4)
 x - a wand of mindburst (15)
Scrolls
 g - 6 scrolls of amnesia
 k - 3 scrolls of poison
 l - a scroll of acquirement {unknown}
 m - 3 scrolls of vulnerability
 p - 2 scrolls of fear
 r - a scroll of magic mapping
 s - a scroll of butterflies {unknown}
 y - a scroll of silence {unknown}
 z - 3 scrolls of immolation
 E - 2 scrolls of fog
 H - 5 scrolls of teleportation
Potions
 b - 4 potions of magic
 e - a potion of invisibility {unknown}
 f - 4 potions of curing
 j - 2 potions of ambrosia
 n - 2 potions of might {unknown}
 q - 4 potions of heal wounds
 t - a potion of mutation {unknown}
 w - 2 potions of attraction {unknown}


   Skills:
 + Level 4.2 Fighting
 - Level 1.5 Dodging
 - Level 2.1 Stealth
 - Level 10.0 Spellcasting
 + Level 3.4 Transmutations
 - Level 12.0 Earth Magic


You had 21 spell levels left.
You knew the following spells:

 Your Spells              Type           Power      Damage    Failure   Level
a - Sandblast             Erth           100%       2d20      1%          1
b - Stone Arrow           Conj/Erth      68%        3d11      1%          3
c - Petrify               Tmut/Erth      40%        N/A       1%          4

Your spell library contained the following spells:

 Spells                   Type           Power      Damage    Failure   Level
 Kiss of Death            Conj/Necr      40%        2d8       2%          1
 Passwall                 Tmut/Erth      33%        N/A       1%          2
 Static Discharge         Conj/Air       20%        2-3/arc   4%          2
 Gell's Gravitas          Tloc           10%        N/A       9%          3
 Lesser Beckoning         Tloc           20%        N/A       9%          3
 Teleport Other           Tloc           10%        N/A       9%          3
 Vhi's Electric Charge    Tloc/Air       20%        N/A       9%          3
 Arcjolt                  Conj/Air       5%         1d15      56%         5
 Lightning Bolt           Conj/Air       5%         1d17      56%         5


Dungeon Overview and Level Annotations

Branches:
Dungeon (9/15)             Temple (1/1) D:7
   Lair: D:8-11         Orc: D:9-12

Altars:
Ashenzari
Cheibriados
Dithmenos
Elyvilon
Fedhas
Gozag
Hepliaklqana
Kikubaaqudgha
Nemelex Xobeh
Okawaru
Qazlal
Ru
Sif Muna
Trog
Uskayaw
Vehumet
Wu Jian
Xom
Yredelemnul
Zin
The Shining One

Shops:
D:1 (

Annotations:
D:6 2 transporters, Sapher's ghost, weakling TrNe


Innate Abilities, Weirdness & Mutations

You are immune to sickness and miasma.
Your stone body is resilient. (AC +7)
You are immune to poison.
You resist negative energy. (rN+)
You are resistant to electric shocks. (rElec)
You are resistant to unholy torment.
You are immune to petrification.


Message History

Confirm with . or Enter, or press ? or * to list all spells.
Aiming: Stone Arrow (safe; 1% risk of failure)
Press: ? - help, Shift-Dir - straight line, f/p - cyan ugly thing
Aim: a cyan ugly thing (lightly wounded, haloed, 82% to hit)
The stone arrow hits the cyan ugly thing!
The cyan ugly thing is moderately wounded.
A wyvern comes into view.
The cyan ugly thing bites you. The cyan ugly thing shocks you. You resist.
Casting: Stone Arrow (safe; 1% risk of failure)
Confirm with . or Enter, or press ? or * to list all spells.
Aiming: Stone Arrow (safe; 1% risk of failure)
Press: ? - help, Shift-Dir - straight line, f/p - cyan ugly thing
Aim: a cyan ugly thing (moderately wounded, haloed, 82% to hit)
The stone arrow hits the cyan ugly thing!!
The cyan ugly thing is severely wounded.
The cyan ugly thing bites you. The cyan ugly thing shocks you. You resist.
Casting: Stone Arrow (safe; 1% risk of failure)
Confirm with . or Enter, or press ? or * to list all spells.
Aiming: Stone Arrow (safe; 1% risk of failure)
Press: ? - help, Shift-Dir - straight line, f/p - cyan ugly thing
Aim: a cyan ugly thing (severely wounded, haloed, 82% to hit)
The stone arrow hits the cyan ugly thing!
The cyan ugly thing is severely wounded.
The wyvern misses you. The cyan ugly thing bites you.
The cyan ugly thing shocks you. You resist. The wyvern bites you!
Casting: Stone Arrow (safe; 1% risk of failure)
Confirm with . or Enter, or press ? or * to list all spells.
Aiming: Stone Arrow (safe; 1% risk of failure)
Press: ? - help, Shift-Dir - straight line, f/p - cyan ugly thing
Aim: a cyan ugly thing (severely wounded, haloed, 82% to hit)
Okay, then.
The cyan ugly thing attacks as you move away!
The cyan ugly thing misses you.
The cyan ugly thing attacks as you move away!
The cyan ugly thing bites you!
* * * LOW HITPOINT WARNING * * *
The cyan ugly thing shocks you. You resist.
* * * LOW HITPOINT WARNING * * *
The cyan ugly thing bites you!
You die...

#.#.# .. ####..
#...##.# # #.....
## ......# .#.
#.##.. #. .....
....###.#### #.
#...#............#
#.
#.#...###.###.....
#. #.l.......
#..... #.
#u##.#.##. ##.#.#
#.#####@# # #.#..
#....†..# #.##.
##.###### #.##.
#.# #.... #.#
####. #.# #######.
#.# #....... #.#
#.####.. #.#
#.####..


You could see a cyan ugly thing and a wyvern.

Vanquished Creatures
  A kobold demonologist (D:7)
  A wyvern (D:7)
  Sigmund (D:3)
  8 yaks (D:9)
  A steam dragon (D:8)
  A water moccasin (D:6)
  A black bear (D:5)
  An orc warrior (D:8)
  An ice beast (D:7)
  A sky beast (D:7)
  3 ogres
  A centaur (D:8)
  3 kobold brigands
  The ghost of caveywoolpert the Digger, an amateur DEEE (D:5)
  3 bullfrogs
  3 scorpions
  9 wights
  5 killer bees (D:9)
  2 howler monkeys
  2 hounds
  3 jellies
  5 orc priests
  5 iguanas
  9 orc wizards
  Natasha (thrice) (D:2)
  Robin (D:2)
  18 gnolls
  10 adders
  2 shadow imps (D:7)
  3 white imps
  An ufetubus (D:6)
  A worm (D:3)
  2 dart slugs (D:1)
  21 orcs
  11 endoplasms
  5 giant cockroaches
  10 goblins
  10 hobgoblins
  3 jackals (D:1)
  7 quokkas
  5 ball pythons
  6 bats
  A frilled lizard (D:2)
  16 kobolds
  7 rats
214 creatures vanquished.

Vanquished Creatures (others)
  A fungus (D:9)
  4 plants
5 creatures vanquished.

Grand Total: 219 creatures vanquished

Notes
Turn   | Place    | Note
-------+----------+-------------------------------------------
     0 | D:1      | Crownlay the Gargoyle Earth Elementalist began the quest
                  | for the Orb.
     0 | D:1      | Reached XP level 1. HP: 10/10 MP: 3/3
    60 | D:1      | Reached skill level 4 in Earth Magic
    96 | D:1      | Reached XP level 2. HP: 8/15 MP: 3/5
   349 | D:1      | Reached skill level 5 in Earth Magic
   349 | D:1      | Reached XP level 3. HP: 19/19 MP: 3/6
   529 | D:1      | Found Fiesepp's Antique Weapon Shoppe.
  1031 | D:2      | Noticed Natasha
  1035 | D:2      | Killed Natasha
  1036 | D:2      | Reached XP level 4. HP: 24/24 MP: 4/7
  1037 | D:2      | Reached skill level 6 in Earth Magic
  1082 | D:2      | Learned a level 3 spell: Stone Arrow
  1088 | D:2      | Noticed Natasha
  1095 | D:2      | Killed Natasha
  1103 | D:2      | Noticed Robin
  1108 | D:2      | Killed Robin
  1123 | D:2      | Reached XP level 5. HP: 23/28 MP: 1/8
  1340 | D:2      | Reached skill level 7 in Earth Magic
  1441 | D:2      | Noticed Natasha
  1446 | D:2      | Killed Natasha
  1681 | D:2      | Identified the +5 ring mail of Filth {Harm rC+ Str+3}
  1984 | D:3      | Reached XP level 6. HP: 32/32 MP: 6/9
  2062 | D:3      | Reached skill level 8 in Earth Magic
  2174 | D:3      | Found an ornate altar of the Wu Jian Council.
  2310 | D:3      | Noticed Sigmund
  2312 | D:3      | Killed Sigmund
  2313 | D:3      | Reached skill level 9 in Earth Magic
  2313 | D:3      | Reached XP level 7. HP: 36/36 MP: 5/10
  2921 | D:4      | Identified the ring "Yfavufes" {+Blink rC+ Will+ MP+9}
  3005 | D:4      | Learned a level 4 spell: Petrify
  3057 | D:4      | Reached skill level 10 in Earth Magic
  3401 | D:4      | Reached XP level 8. HP: 41/41 MP: 9/13
  3650 | D:5      | Entered Level 5 of the Dungeon
  3999 | D:5      | Reached skill level 5 in Spellcasting
  4055 | D:5      | Reached skill level 11 in Earth Magic
  4151 | D:5      | Found a runed translucent door.
  4151 | D:5      | Noticed caveywoolpert's ghost (amateur DEEE)
  4219 | D:5      | Killed caveywoolpert's ghost
  4352 | D:6      | Reached XP level 9. HP: 42/45 MP: 13/18
  4666 | D:6      | Noticed a queen bee
  4799 | D:6      | Noticed Sapher's ghost (weakling TrNe)
  4801 | D:6      | Found a transporter.
  4806 | D:6      | Found a transporter.
  5308 | D:7      | Found a shadowy altar of Dithmenos.
  5310 | D:7      | Found a shimmering altar of Xom.
  5312 | D:7      | Found an ancient bone altar of Kikubaaqudgha.
  5314 | D:7      | Found a sparkling altar of Nemelex Xobeh.
  5349 | D:7      | Reached skill level 12 in Earth Magic
  5482 | D:7      | Identified the ring "Waunep" {Wiz Str+3 Dex+2}
  5489 | D:7      | Noticed a kobold demonologist
  5493 | D:7      | Killed a kobold demonologist
  5586 | D:7      | Identified the +3 leather armour of Recklessness {rF+
                  | Str+3}
  5721 | D:7      | Found an opulent altar of Gozag.
  5793 | D:7      | Reached skill level 1 in Transmutations
  5851 | D:7      | Reached skill level 1 in Fighting
  5962 | D:7      | Found a staircase to the Ecumenical Temple.
  6223 | Temple   | Entered the Ecumenical Temple
  6242 | Temple   | Became a worshipper of Vehumet
  6544 | D:8      | Reached XP level 10. HP: 46/53 MP: 22/22
  7373 | D:9      | Reached * piety under Vehumet
  7373 | D:9      | Offered knowledge of Kiss of Death by Vehumet.
  7537 | D:9      | Reached skill level 10 in Spellcasting
  7609 | D:9      | Noticed a cyan ugly thing
  7615 | D:9      | Slain by a cyan ugly thing

Illustrated notes

Levels and vault maps discovered:
D:1:      shiori_arrival_elements, layout_loops_ring, serial_shops, shop
D:2:      layout_rooms, uniq_natasha, uniq_robin
D:3:      layout_basic, mainiacjoe_overflow_six_doors_small,
          uniq_crazy_yiuf_cottage, uniq_sigmund
D:4:      layout_loops_ring, corexii_shack
D:5:      layout_rooms, gammafunk_ghost_grave, serial_park_tiny_pond
D:6:      layout_loops_ring, gammafunk_ghost_hive
D:7:      layout_cave_pods, grunt_gozag_breadcrumbs,
          chequers_temple_overflow_statue_of_worship,
          minmay_temple_entry_statues_fountains, minmay_unpleasant_kobolds
D:8:      layout_loops_cross
D:9:      layout_loops_cross, dpeg_oklobed_lair, kennysheep_generic_room_13,
          uniq_amaemon, uniq_joseph, uniq_gastronok
Temple:   minmay_freezing_vapour_temple

Skill      XL: |  1  2  3  4  5  6  7  8  9 10 |
---------------+-------------------------------+-----
Earth Magic    | 4 5 6 7 9 10 11 12 | 12.0
Spellcasting   | 3 6 8 10 | 10.0
Transmutations | 1 3 |  3.4
Fighting       | 2 4 |  4.2
Dodging        | |  1.5
Stealth        | |  2.1

Action                   |  1- 3 |  4- 6 |  7- 9 | 10-12 || total
-------------------------+-------+-------+-------+-------++-------
Melee: Dagger            |    38 |    26 |       |       ||    64
       Unarmed           |     3 |       |       |       ||     3
 Cast: Sandblast         |    36 |    60 |   168 |    41 ||   305
       Stone Arrow       |       |     1 |     8 |    17 ||    26
  Use: Scroll            |       |     2 |     8 |     1 ||    11
Armor: Robe              |    19 |    16 |    30 |       ||    65
       Steam dragon scal |       |       |       |    16 ||    16
Dodge: Dodged            |    32 |    26 |    42 |    36 ||   136
       Repelled          |       |       |     4 |     1 ||     5

Table legend: (Time is in decaauts)
 A = Elapsed time spent in this place.
 B = Non-inter-level travel time spent in this place.
 C = Inter-level travel time spent in this place.
 D = Time resting spent in this place.
 E = Time spent auto-exploring this place.
 F = Levels seen in this place.
 G = Mean time per level.
                   A        B        C        D        E       F      G
               +--------+--------+--------+--------+--------+-----+--------+
         Total |   7763 |   7380 |    383 |      0 |   6219 |  10 |  776.3 |
       Dungeon |   7738 |   7363 |    375 |      0 |   6209 |   9 |  859.8 |
        Temple |     24 |     16 |      8 |      0 |     10 |   1 |   24.0 |
               +--------+--------+--------+--------+--------+-----+--------+

Top non-repeatable levels by time:
     D:7: 1213 daAuts
     D:4: 1054 daAuts
     D:2: 1033 daAuts
     D:1: 960 daAuts
     D:6: 892 daAuts
     D:8: 874 daAuts
     D:3: 814 daAuts
     D:5: 478 daAuts
     D:9: 416 daAuts
  Temple: 24 daAuts
